Map: Disco Bloodbath LE

Players

pHARM - Winner!

  • Race: Zerg Zerg
  • League: Platinum
  • Spawn Location: 9:00

Poweripple

  • Race: Terran Terran
  • League: Platinum
  • Spawn Location: 3:00

VOD

Have the link to the VOD?

Description

Time

  • Played on: Sept. 7, 2019, 2:15 p.m.
  • Length: 12:33
Show
View Real Time Build Order
Export as new Build Order

pHARM Zerg - Winner!

Build Orders: Hatch First 

Get SALT Encoding   

  12  0:01  Drone  
  13  0:15  Overlord  
  13  0:25  Drone  
  14  0:35  Drone x2  
  16  1:01  Hatchery  
  15  1:10  Drone x2  
  15  1:11  Drone  
  18  1:28  Spawning Pool  
  18  1:32  Drone  
  19  1:40  Drone  
  19  1:48  Drone  
  20  1:55  Overlord  
  20  2:08  Drone  
  20  2:14  Drone  
  22  2:23  Queen x2, Drone  
  22  2:25  Zergling x2  
  28  2:46  Drone x4  
  32  2:52  Overlord  
  32  3:10  Queen  
  34  3:13  Drone  
  34  3:14  Overlord, Drone  
  34  3:15  Overlord  
  34  3:19  Extractor  
  35  3:22  Extractor  
  35  3:24  Extractor, Drone x2  
  35  3:30  Drone  
  36  3:37  Drone x7  
  43  4:08  Baneling Nest  
  42  4:11  Drone x2  
  42  4:12  Drone x4  
  42  4:16  Zergling x6  
  51  4:19  Pneumatized Carapace  
  51  4:22  Metabolic Boost  
  51  4:57  Lair  
  51  4:59  Hatchery  
  50  5:06  Evolution Chamber  
  49  5:08  Evolution Chamber  
  48  5:14  Drone x3  
  48  5:17  Zergling x2  
  48  5:18  Overlord x4  
  52  5:47  Spore Crawler  
  52  5:49  Spore Crawler  
  50  5:51  Drone x3  
  53  5:57  Spore Crawler  
  53  5:59  Queen x2  
  53  6:00  Spore Crawler  
  52  6:26  Drone  
  52  6:31  Centrifical Hooks  
  53  6:33  Zerg Ground Armor Level 1, Zerg Melee Weapons Level 1  
  53  6:35  Queen, Drone  
  53  6:36  Drone x2  
  58  6:44  Drone x6  
  58  6:45  Drone x5  
  69  6:58  Spore Crawler  
  68  7:16  Zergling x18  
  68  7:17  Zergling x4  
  79  7:23  Spore Crawler x2  
  79  7:25  Spore Crawler  
  76  7:43  Hatchery  
  75  7:56  Extractor  
  75  7:57  Hydralisk Den  
  73  8:04  Zergling x2  
  73  8:05  Zergling x26  
  87  8:07  Baneling x11  
  87  8:08  Baneling x19  
  87  8:29  Muscular Augments  
  87  8:40  Zerg Melee Weapons Level 2, Zerg Ground Armor Level 2  
  87  8:43  Overlord x3  
  87  8:44  Overlord x4  
  87  8:45  Hydralisk  
  89  8:51  Spore Crawler  
  88  9:12  Hydralisk x10  
  108  9:26  Hydralisk x3  
  114  9:31  Drone  
  114  9:32  Drone x9  
  124  9:41  Grooved Spines  
  123  9:46  Infestation Pit  
  122  10:04  Spore Crawler  
  122  10:06  Spore Crawler, Overlord  
  122  10:07  Overlord x5  
  120  10:08  Drone x11  
  120  10:09  Drone  
  132  10:14  Extractor  
  132  10:16  Extractor  
  128  11:13  Hive  
  128  11:21  Hydralisk x16  
  128  11:22  Hydralisk x8  
  128  11:24  Overlord x5  
  128  11:25  Overlord x4, Hatchery  
  175  11:59  Drone x7  
  175  12:00  Drone x5  
  187  12:02  Extractor  
  187  12:04  Extractor  
Show
View Real Time Build Order
Export as new Build Order

Poweripple Terran 

Build Orders: Mech 

Get SALT Encoding   

  12  0:00  SCV  
  13  0:13  SCV  
  14  0:25  SCV  
  15  0:31  Supply Depot  
  15  0:40  Supply Depot, Refinery  
  15  0:52  SCV  
  16  0:58  Barracks  
  16  1:04  SCV  
  17  1:16  SCV  
  18  1:25  Refinery  
  18  1:29  SCV  
  19  1:41  SCV  
  20  1:49  Marine  
  21  2:01  Command Center  
  21  2:06  Factory  
  21  2:08  SCV  
  22  2:17  Marine  
  23  2:25  Orbital Command  
  23  2:38  Marine  
  24  2:53  SCV  
  24  2:56  Marine  
  24  2:57  Starport, Hellion  
  28  3:11  SCV  
  29  3:19  Orbital Command  
  29  3:24  Supply Depot  
  29  3:32  SCV  
  30  3:34  Starport Tech Lab  
  30  3:42  Fusion Core  
  30  3:45  Hellion  
  30  3:46  SCV  
  30  3:47  SCV  
  34  3:52  Armory  
  34  3:58  SCV  
  34  4:01  Medivac  
  37  4:15  SCV x2  
  39  4:27  Marine, SCV x2  
  39  4:29  Hellion  
  44  4:43  Orbital Command  
  44  4:44  Battlecruiser  
  50  5:06  Barracks  
  50  5:08  Supply Depot  
  50  5:09  Supply Depot  
  50  5:12  SCV x2  
  52  5:24  SCV  
  53  5:30  Refinery  
  53  5:31  SCV  
  53  5:33  Refinery  
  54  5:36  SCV  
  55  5:45  Factory Tech Lab  
  55  5:47  Barracks Tech Lab  
  55  5:55  Bunker, Barracks Tech Lab  
  55  5:57  SCV x2  
  51  6:26  Battlecruiser  
  57  6:33  Armory  
  57  6:36  Factory  
  57  6:37  Siege Tank, Factory  
  60  6:41  SCV x2  
  62  6:53  Marine, SCV  
  62  6:54  SCV, Marauder  
  67  6:59  Terran Vehicle And Ship Armor Level 1  
  67  7:00  Combat Shield  
  67  7:06  SCV x2  
  69  7:10  Marine  
  69  7:13  Supply Depot  
  69  7:14  Supply Depot  
  69  7:18  SCV  
  70  7:28  Factory Tech Lab x2  
  70  7:34  Siege Tank, SCV  
  70  7:35  Marauder  
  76  7:42  Factory Tech Lab, Terran Vehicle Weapons Level 1  
  76  7:48  Supply Depot  
  76  7:51  Supply Depot, Thor  
  76  7:53  SCV x2  
  84  8:04  Marine x2  
  86  8:09  Thor  
  86  8:10  SCV x2  
  94  8:28  Thor  
  94  8:30  Marine x2  
  102  8:38  Supply Depot  
  102  8:43  Supply Depot  
  102  8:54  Marine  
  102  8:55  Marine  
  104  8:56  Thor  
  104  8:58  Command Center  
  104  8:59  Thor  
  104  9:02  Supply Depot  
  115  9:08  Supply Depot  
  115  9:09  SCV x2  
  117  9:18  Factory  
  117  9:20  Cyclone  
  117  9:21  SCV x2  
  122  9:25  Marine  
  122  9:26  Marauder  
  122  9:29  Banshee  
  128  9:33  SCV x2  
  130  9:44  Engineering Bay  
  130  9:45  SCV x2  
  132  9:50  Marine x2  
  132  9:52  Thor  
  140  9:57  SCV x2  
  142  10:21  Refinery  
  142  10:23  Cyclone, SCV x2  
  142  10:24  Marauder x2, Refinery  
  146  10:56  SCV x2, Banshee  
  146  10:57  Supply Depot, Hellion  
  153  11:06  Marine  
  153  11:07  Marauder  
  153  11:10  SCV x2  
  158  11:18  Thor  
  158  11:22  SCV x2  
  166  11:42  Command Center  
  166  12:11  Marine  
  166  12:12  SCV x2  
Tags
 
Composition
Mech
Matchup
TvZ
Replay Pack
10.7.19
Spawn Locations
Cross Positions
Add a new tag
Caveats
  • Supply blocks, unpowered buildings, or Contaminate may cause inaccurate times.
  • Supply counts are checked every 10 seconds.